 Dungeon Crawl Stone Soup version 0.21.1-1-g345015f (webtiles) character file.

102 jamsan the Caller (level 4, 0/18 HPs)
             Began as a Felid Summoner on June 18, 2018.
             Slain by an ice beast (5 damage)
             ... on level 5 of the Dungeon.
             The game lasted 00:30:04 (5150 turns).

jamsan the Caller (Felid Summoner)                  Turns: 5150, Time: 00:30:05

Health: 0/18       AC:  1    Str:  4    XL:     4   Next: 50%
Magic:  2/17       EV: 22    Int: 18    God:
Gold:   113        SH:  0    Dex: 16    Spells: 1/7 levels left
                                        Lives:  0   Deaths: 1

rFire    . . .     SeeInvis +   (weapon unavailable)
rCold    + . .     Gourm    .   (shield unavailable)
rNeg     . . .     Faith    .   (armour unavailable)
rPois    .         Spirit   .   (helmet unavailable)
rElec    .         Reflect  .   (cloak unavailable)
rCorr    .         Harm     .   (gloves unavailable)
MR       .....     Clarity  +   (boots unavailable)
Stlth    +++.......             (no amulet)
HPRegen  0.06/turn              l - ring of protection from cold
MPRegen  0.15/turn              m - ring of magical power

@: quick
A: very small, no armour, no weapons or thrown items, stealth, claws 1, fangs 3,
repulsion field 1, see invisible, carnivore, clarity, speed 1, shaggy fur 1,
slow metabolism 1, sharp paws
a: no special abilities


You were on level 5 of the Dungeon.
You were not hungry.

You visited 1 branch of the dungeon, and saw 6 of its levels.

You collected 113 gold pieces.

Inventory:

Jewellery
 l - a ring of protection from cold (left paw)
 m - a ring of magical power (right paw)
Scrolls
 d - a scroll of immolation {unknown}
 g - a scroll of identify
 i - a scroll of magic mapping {unknown}
 n - a scroll of enchant weapon {unknown}
Potions
 c - a potion of heal wounds
 f - a potion of cancellation
Books
 a - a book of Callings

   Spells                             Type                      Level
   a - Summon Small Mammal            Summoning                    1
   b - Call Imp                       Summoning                    2
   c - Call Canine Familiar           Summoning                    3
   d - Summon Guardian Golem          Hexes/Summoning              3
   e - Summon Lightning Spire         Summoning/Air                4
   f - Summon Ice Beast               Ice/Summoning                4
Comestibles
 b - 10 rations


   Skills:
 + Level 4.6 Dodging
 - Level 2.6 Stealth
 - Level 2.0 Spellcasting
 * Level 5.9 Summonings


You had one spell level left.
You knew the following spells:

 Your Spells              Type           Power        Failure   Level  Hunger
a - Summon Small Mammal   Summ           ###.         1%          1    #......
b - Call Imp              Summ           ###.....     2%          2    ###....
c - Summon Guardian Gole  Hex/Summ       ##......     16%         3    ###....


Dungeon Overview and Level Annotations

Branches:
Dungeon (6/15)
 Temple: D:4-7

Altars:
Fedhas
Trog
Uskayaw

Annotations:
D:4 LairdRich's ghost, amateur DsBe
D:5 Edmund; Grinder


Innate Abilities, Weirdness & Mutations

You cannot wear armour.
You are incapable of wielding weapons or throwing items.
Your paws allow you to move quietly. (Stealth)
You have sharp claws.
You have razor-sharp teeth.
You have supernaturally acute eyesight. (SInv)
You are carnivorous and can eat meat at any time.
You cover ground quickly.
You are covered in fur. (AC +1)
You have a slow metabolism.
Your sharp claws are effective at attacking unaware monsters.
You are surrounded by a mild repulsion field. (EV +2)
You possess an exceptional clarity of mind.


Message History

The ice beast hits your white imp but does no damage.
Your crimson imp blinks!
Your white imp hits the ice beast.
Your white imp freezes the ice beast.
The ice beast completely resists.
Your crimson imp blinks!
Your quokka bites Grinder but does no damage.
You swap places.
Your white imp closely misses the ice beast.
Your crimson imp closely misses Grinder.
Grinder completely misses you.
Your white imp hits the ice beast.
Your white imp freezes the ice beast.
The ice beast completely resists.
The ice beast hits you but does no damage.
Your crimson imp closely misses Grinder.
Your quokka barely misses Grinder.
Grinder gestures at you. You resist with some effort. The ice beast hits you.
* * * LOW HITPOINT WARNING * * *
The ice beast freezes you. You resist.
You die...

#########$.....#
#....### ##[...##
##......##
##........##
#..........# #
#....5.?..!# #.
#....5.....#
#.##..Y@r.....#
#.....5.>.....#
#######..........##
....!............##
########..........#
#..........#
#.5.)......#
#...[).....#
#..........#


You could see Grinder, an ice beast, 2 friendly crimson imps, a friendly white
imp and a friendly quokka.

Vanquished Creatures
  A leopard gecko (D:1)
  2 giant cockroaches (D:1)
  A hobgoblin (D:1)
  A jackal (D:2)
  A kobold (D:1)
  6 bats
  2 rats (D:2)
14 creatures vanquished.

Vanquished Creatures (collateral kills)
  A centaur zombie (D:5)
  A hound (D:5)
  A worker ant (D:5)
  Ijyb (D:5)
  7 adders
  2 oozes
  An adder skeleton (D:2)
  3 worms
  A dart slug (D:1)
  A leopard gecko (D:3)
  11 orcs
  8 bats
  2 giant cockroaches
  10 goblins
  15 hobgoblins
  2 jackals (D:2)
  7 kobolds
  3 quokkas
  3 frilled lizards
  4 rats (D:2)
84 creatures vanquished.

Grand Total: 98 creatures vanquished

Notes
Turn   | Place    | Note
-------+----------+-------------------------------------------
     0 | D:1      | jamsan the Felid Summoner began the quest for the Orb.
     0 | D:1      | Reached XP level 1. HP: 7/7 MP: 4/4
  1000 | D:1      | Reached XP level 2. HP: 11/11 MP: 1/6
  1004 | D:1      | Learned a level 2 spell: Call Imp
  2424 | D:2      | Reached XP level 3. HP: 11/14 MP: 3/7
  2757 | D:2      | Found a blossoming altar of Fedhas.
  2797 | D:2      | Reached skill level 5 in Summonings
  2955 | D:2      | Found a bloodstained altar of Trog.
  3240 | D:3      | Found a hide-covered altar of Uskayaw.
  3580 | D:3      | Learned a level 3 spell: Summon Guardian Golem
  3601 | D:3      | Reached XP level 4. HP: 18/18 MP: 6/8
  4813 | D:4      | Noticed LairdRich's ghost (amateur DsBe)
  4850 | D:5      | Entered Level 5 of the Dungeon
  4879 | D:5      | Noticed an ice beast
  4887 | D:5      | Identified the Papyrus of Shape Shifting and Aid
  4920 | D:5      | Noticed Edmund
  5020 | D:6      | Noticed an ogre
  5024 | D:5      | Noticed Ijyb
  5053 | D:5      | Gained mutation: You possess an exceptional clarity of mind. [potion of mutation]
  5053 | D:5      | Gained mutation: You are surrounded by a mild repulsion field. (EV +2) [potion of mutation]
  5057 | D:5      | Noticed Grinder
  5057 | D:5      | Killed Ijyb
  5057 | D:5      | Reached XP level 5. HP: 15/21 MP: 6/9
  5083 | D:5      | Slain by an ice beast
  5084 | D:5      | Reached XP level 4. HP: 0/18 MP: 8/17
  5150 | D:5      | Slain by an ice beast

Skill      XL: |  1  2  3  4 |
---------------+-------------+-----
Dodging        | 3 4 |  4.6
Summonings     | 5 |  5.9
Stealth        | |  2.6
Spellcasting   | |  2.0

Action                   |  1- 3 |  4- 6 || total
-------------------------+-------+-------++-------
Melee: Unarmed           |    83 |     9 ||    92
       Bite              |     9 |     1 ||    10
 Cast: Summon Small Mamm |    52 |    36 ||    88
       Call Imp          |    33 |    35 ||    68
       Summon Guardian G |     1 |    19 ||    20
  Use: Potion            |     1 |     6 ||     7
       Scroll            |       |     5 ||     5
 Stab: Sleeping          |     1 |       ||     1
  Eat: Chunk             |    14 |     5 ||    19
Armor: Skin              |    10 |     6 ||    16
Dodge: Dodged            |   151 |    81 ||   232
